 Dungeon Crawl Stone Soup version 0.18.1-6-gd335043 (webtiles) character file.

276365 oplop the Unseen (level 19, -6/144 HPs)
             Began as a Vampire Enchanter on May 20, 2016.
             Was the Champion of Dithmenos.
             Killed from afar by a deep elf sorcerer (34 damage)
             ... with damnation
             ... on level 3 of the Elven Halls.
             The game lasted 02:06:54 (33612 turns).

oplop the Unseen (Vampire Enchanter)               Turns: 33612, Time: 02:06:55

Health: -6/144     AC:  0    Str:  9    XL:     19   Next: 58%
Magic:  36/36      EV: 38    Int: 20    God:    Dithmenos [******]
Gold:   1595       SH:  0    Dex: 26    Spells: 8 memorised, 13 levels left

rFire  . . .     SeeInvis +     (weapon currently unavailable)
rCold  . . .     Gourm    .     (armour currently unavailable)
rNeg   + . .     Faith    .     (shield currently unavailable)
rPois  .         Spirit   .     (helmet currently unavailable)
rElec  .         Dismiss  .     (cloak currently unavailable)
rCorr  .         Reflect  .     (gloves currently unavailable)
SustAt .         Harm     .     (boots currently unavailable)
MR     +....                    B - amulet of magic regeneration
Stlth  ++++++++++               (ring currently unavailable)
                                (ring currently unavailable)

@: bat-form, flying, wreathed by umbra, deflect missiles, very quick, somewhat
resistant to hostile enchantments, uncannily stealthy
A: fangs 3, (talons 0), rough black scales 1, see invisible, clever 1, strong 1,
(unbreathing)
a: End Transformation, Shadow Step, Shadow Form, Renounce Religion
}: 2/15 runes: decaying, gossamer


You were on level 3 of the Elven Halls.
You worshipped Dithmenos.
Dithmenos was exalted by your worship.
You were not thirsty.
You were in vampire-bat-form.
You visited 7 branches of the dungeon, and saw 37 of its levels.
You also visited: Labyrinth, Bailey and Ice Cave.

You collected 4210 gold pieces.
You spent 2615 gold pieces at shops.

Inventory:

Hand Weapons
 A - a +3 quick blade of venom (melded)
 K - the +7 quick blade "Spiderslayer" {drain, rF- Dex+4}
   (You acquired it in a bailey)

   A truly terrible weapon, it drains the life of those it strikes.
   It affects your dexterity (+4).
   It makes you vulnerable to fire.
Missiles
 a - 6 javelins of penetration
 f - 15 needles of confusion
 t - 154 poisoned needles
 E - 2 throwing nets (quivered)
 H - 8 curare-tipped needles
Armour
 c - the +2 cloak of Negligence (melded) {rPois rC- Int+8}
   (You found it on level 4 of the Swamp)

   It affects your intelligence (+8).
   It makes you vulnerable to cold.
   It protects you from poison.
 l - a +2 buckler (melded)
 n - a +1 pair of boots of stealth (melded)
 w - a +2 pair of gloves of archery (melded)
 I - the +4 steam dragon armour "Bafomick" (melded) {rC+}
   (You found it in an ice cave)

   It protects you from cold.
 W - a +0 hat of magic resistance (melded)
Jewellery
 o - an uncursed ring of protection from cold {unknown}
 r - the ring of Nutovam (melded) {Fragile rPois rC+ MR+ Str+8}
   (You found it on level 5 of the Dungeon)

   [ring of poison resistance]

   It affects your strength (+8).
   It protects you from cold.
   It protects you from poison.
   It affects your resistance to hostile enchantments.
   It will be destroyed if unequipped.
 y - a +4 amulet of reflection
 B - an amulet of magic regeneration (around neck)
 L - a +5 ring of strength (melded)
Wands
 i - a wand of digging (7/24)
 D - a wand of iceblast (7/15)
 J - a wand of acid (4/15)
 R - a wand of paralysis (16/24)
 S - a wand of polymorph (18/24)
Scrolls
 h - 17 scrolls of identify
 m - 2 scrolls of vulnerability
 q - 5 scrolls of summoning
 s - 3 scrolls of teleportation
 u - 9 scrolls of blinking
 x - 19 scrolls of remove curse
 F - 10 scrolls of amnesia
 M - a scroll of silence
 N - a scroll of recharging
 P - a scroll of enchant armour
 U - 3 scrolls of fog
 X - 3 scrolls of magic mapping
 Z - a scroll of fear
Potions
 b - 16 potions of blood
 d - 3 potions of invisibility
 e - 21 potions of curing
 g - 2 potions of might
 j - 2 potions of brilliance
 k - a potion of resistance
 v - 2 potions of heal wounds
 z - 4 potions of haste
 C - 2 potions of ambrosia
 G - 3 potions of magic
 O - a potion of agility
 Q - a potion of cure mutation


   Skills:
 + Level 11.5 Fighting
 - Level 14.2 Short Blades
 - Level 1.9 Throwing
 + Level 6.6 Armour
 + Level 13.8 Dodging
 + Level 16.2 Stealth
 - Level 4.0 Shields
 - Level 13.0 Spellcasting
 - Level 14.3 Hexes
 - Level 12.4 Charms
 - Level 5.1 Translocations
 - Level 9.8 Air Magic
 - Level 10.1 Invocations


You had 13 spell levels left.
You knew the following spells:

 Your Spells              Type           Power        Failure   Level  Hunger
a - Tukima's Dance        Hex            ######..     1%          3    None
b - Ensorcelled Hibernat  Hex/Ice        #####.       1%          2    None
c - Confuse               Hex            ######..     1%          3    None
d - Dazzling Spray        Conj/Hex       #####...     1%          3    None
e - Warp Weapon           Chrm/Tloc      #####.....   4%          5    ####...
f - Invisibility          Hex            ######..     1%          6    #####..
g - Deflect Missiles      Chrm/Air       ######....   12%         6    #####..
h - Spectral Weapon       Hex/Chrm       ######..     1%          3    None


Dungeon Overview and Level Annotations

Branches:
Dungeon (15/15)            Temple (1/1) D:6            Lair (8/8) D:9
  Swamp (4/4) Lair:6       Spider (4/4) Lair:6        Slime (0/6) Lair:7
    Orc (2/2) D:11            Elf (3/3) Orc:2        Vaults (0/5) D:13
 Depths (0/5) D:15

Altars:
Cheibriados
Dithmenos
Elyvilon
Fedhas
Gozag
Kikubaaqudgha
Makhleb
Nemelex Xobeh
Okawaru
Pakellas
Qazlal
Ru
Sif Muna
Trog
Vehumet
Xom
Yredelemnul
Zin
The Shining One
Beogh

Shops:
D:4 !   D:15 [   Orc:1 *   Orc:2 ???:

Portals:
Trove: D:10 (give 11 potions of heal wounds)

Annotations:
D:11 exclusion: statue


Innate Abilities, Weirdness & Mutations

You have razor-sharp teeth.
You have supernaturally acute eyesight.
((You can survive without breathing.))
((You have sharp toenails.))
(You are partially covered in rough black scales (AC +4, Dex -1).)
Your mind is acute. (Int +2)
Your muscles are strong. (Str +2)


Message History

a short sword; a shortbow; 18 arrows; a chain mail Some walls begin to move on their own!
You turn into a vampire bat.
Your +3 quick blade of venom melds into your body.
The +2 cloak of Negligence {rPois rC- Int+8} melds into your body.
Your +0 hat of magic resistance melds into your body.
Your +2 pair of gloves of archery melds into your body.
Your +1 pair of boots of stealth melds into your body.
Your +2 buckler melds into your body.
The +4 steam dragon armour "Bafomick" {rC+} melds into your body.
The ring of Nutovam {Fragile rPois rC+ MR+ Str+8} melds into your body.
Your +5 ring of strength melds into your body.
Your +3 quick blade of venom stops dripping with poison.
You feel less resistant to hostile enchantments.
Your aim is not that steady anymore.
You feel less stealthy.
You feel weaker.
You see here 2 arrows.
The deep elf sorcerer gestures at you while chanting.
The damnation unfurls!
The damnation engulfs you!
You die...

...#...#...#.......#).#..#.....#.
...#...#...#.......#..#..'.....#.
...#...#...#.......#..#..####'##.
...'...#...#.......#..#..........
...#...#...#.......#..#..........
.).#...#...#######(#).#'#########
...#...#.........(.).).).........
)..#...#..........()..)).........
..)#...#........b(.....)E.E......
)..#...#...###########.e)..######
)(.#...#...# ###)#E# ...#...#...#
#)# E# ...#...#...# #.#
...#...#...# #.# ...#...#...# #e#
...#...#...# #.# ...#...#...#
#....)e.....#


You could see a deep elf sorcerer.

Vanquished Creatures
  the Lernaean hydra (Swamp:4)
  Jorgrun (Swamp:3)
  A deep elf master archer (Elf:3)
  3 deep elf blademasters
  Gastronok (Lair:2)
  Kirke (Lair:5)
  Donald (Swamp:2)
  6 ghost moths
  5 deep elf sorcerers
  2 orc warlords
  Louise (Swamp:1)
  A deep elf elementalist (Elf:3)
  5 emperor scorpions
  Aizul (Swamp:3)
  A very ugly thing (Swamp:1)
  4 deep elf annihilators
  5 deep elf demonologists
  A spark wasp (Spider:3)
  An ettin (D:15)
  6 deep elf death magi
  4 vault guards (D:13)
  2 fire dragons
  A minotaur (Lab)
  2 deep elf high priests (Elf:3)
  25 hydras
  A centaur warrior (D:15)
  26 dancing weapons
  6 alligators
  3 tengu warriors
  6 ogre magi
  A queen ant (Spider:3)
  22 deep elf knights
  8 swamp dragons
  A deep troll (D:15)
  A spriggan druid (Swamp:4)
  2 unseen horrors
  10 skeletal warriors
  3 shambling mangroves
  2 orc knights
  17 deep elf archers
  8 hill giants
  15 orb spiders
  8 ugly things
  75 deep elf magi
  12 hornets
  2 orc sorcerers
  A manticore (shapeshifter) (Elf:3)
  An oklob plant (Lair:6)
  A manticore (D:14)
  19 wolf spiders
  2 griffons
  5 cyclopes
  9 elephants
  A moth of wrath (Spider:4)
  8 black mambas
  An ice statue (IceCv)
  A torpor snail (Lair:5)
  A centaur skeleton (D:15)
  29 spiny frogs
  4 yaktaurs (D:12)
  4 rime drakes
  A freezing wraith (D:15)
  12 komodo dragons
  A guardian mummy (D:10)
  A queen bee (D:13)
  15 jumping spiders
  4 trolls
  9 demonic crawlers
  5 giant leeches
  10 polar bears
  14 two-headed ogres
  10 slime creatures
  Prince Ribbit (D:7)
  17 blink frogs
  A boulder beetle (Orc:1)
  A bog body (Swamp:3)
  3 raiju (Lair:8)
  4 air elementals
  57 yaks
  52 redbacks
  2 shadows
  26 tarantellas
  4 wyverns
  19 spriggans
  A hog (Lair:5)
  Eustachio (D:5)
  3 fire elementals
  5 basilisks
  11 hippogriffs
  6 hungry ghosts
  10 vampire mosquitoes
  11 wargs
  14 swamp worms
  4 mottled dragons (Lair:8)
  5 hell hounds (Lair:8)
  5 insubstantial wisps (Swamp:1)
  13 water moccasins
  19 soldier ants
  Duvessa (D:4)
  24 orc warriors
  9 swamp drakes
  4 sky beasts
  12 porcupines
  21 wasps
  2 slaves (D:7)
  14 black bears
  An eye of draining (shapeshifter) (Elf:1)
  16 ice beasts
  The ghost of M4edhros the Chopper, an amateur MiBe of Trog (D:6)
  21 wolves
  3 phantoms
  44 ogres
  16 centaurs
  14 crocodiles
  4 big kobolds
  23 giant frogs
  Dowan (D:4)
  A wyvern skeleton (D:8)
  6 scorpions
  20 killer bees
  5 wights
  4 howler monkeys
  2 electric eels
  8 crimson imps
  3 centaur zombies
  5 jellies
  18 hounds
  19 orc wizards
  2 giant frog skeletons (D:5)
  20 orc priests
  11 iguanas
  28 worker ants
  13 sheep
  2 worker ant zombies
  7 gnolls (D:7)
  74 river rats
  14 adders
  A howler monkey skeleton (D:10)
  5 shadow imps
  A white imp (D:7)
  An adder zombie (D:5)
  6 worms
  2 adder skeletons
  2 dart slugs (D:2)
  5 giant geckos
  109 orcs
  A ball python (D:1)
  10 bats
  5 giant cockroaches
  7 goblins
  7 hobgoblins
  11 jackals
  38 kobolds
  2 quokkas
  2 giant gecko zombies (D:5)
  3 giant newts
  A jackal zombie (D:7)
  A quokka skeleton (D:5)
  A quokka zombie (D:8)
  9 rats
  3 plants
1501 creatures vanquished.

Vanquished Creatures (collateral kills)
  Pikel (D:7)
  A wight (D:15)
  An orc (D:11)
3 creatures vanquished.

Vanquished Creatures (others)
  A deep elf mage (Elf:3)
  A manticore (D:5)
  A human (Lair:5)
  2 dancing weapons (Orc:2)
  A bush (Lair:7)
  3 fungi (Lair:7)
  17 plants
  5 spectral weapons
31 creatures vanquished.

Grand Total: 1535 creatures vanquished

Notes
Turn   | Place    | Note
--------------------------------------------------------------
     0 | D:1      | oplop the Vampire Enchanter began the quest for the Orb.
     0 | D:1      | Reached XP level 1. HP: 13/13 MP: 3/3
   142 | D:1      | Reached XP level 2. HP: 18/19 MP: 3/5
   157 | D:1      | Learned a level 2 spell: Ensorcelled Hibernation
   182 | D:1      | Reached skill level 5 in Stealth
   782 | D:2      | Reached XP level 3. HP: 18/24 MP: 7/7
  1073 | D:2      | Reached skill level 5 in Hexes
  1151 | D:2      | Reached XP level 4. HP: 25/30 MP: 8/8
  1374 | D:3      | Found a white marble altar of Elyvilon.
  1467 | D:3      | Reached skill level 6 in Stealth
  1675 | D:3      | Reached XP level 5. HP: 30/35 MP: 6/10
  2009 | D:4      | Reached skill level 7 in Stealth
  2093 | D:4      | Reached XP level 6. HP: 32/41 MP: 11/11
  2114 | D:4      | Noticed Dowan
  2119 | D:4      | Noticed Duvessa
  2249 | D:4      | Learned a level 3 spell: Confuse
  2517 | D:5      | Entered Level 5 of the Dungeon
  2559 | D:5      | Reached skill level 8 in Stealth
  2705 | D:5      | Noticed a sky beast
  2737 | D:5      | Found a sparkling altar of Nemelex Xobeh.
  2751 | D:5      | Reached XP level 7. HP: 44/46 MP: 9/13
  2839 | D:5      | Noticed Eustachio
  2984 | D:6      | Noticed M4edhros's ghost (amateur MiBe)
  3219 | D:6      | Killed M4edhros's ghost
  3219 | D:6      | Reached skill level 9 in Stealth
  3219 | D:6      | Reached skill level 5 in Spellcasting
  3277 | D:6      | Learned a level 3 spell: Tukima's Dance
  3281 | D:6      | Learned a level 3 spell: Dazzling Spray
  3303 | D:6      | Found a staircase to the Ecumenical Temple.
  3380 | Temple   | Entered the Ecumenical Temple
  3551 | Temple   | Became a worshipper of Dithmenos the Shadowed
  3676 | D:5      | Reached XP level 8. HP: 32/52 MP: 9/15
  3743 | D:4      | Killed Duvessa
  3754 | D:4      | Killed Dowan
  3754 | D:4      | Reached skill level 1 in Fighting
  4208 | D:4      | Found Huadas's Distillery.
  4479 | D:5      | Got a shimmering brass ring
  4485 | D:5      | Identified the ring of Nutovam {Fragile rPois rC+ MR+ Str+8} (You found it on level 5 of the Dungeon)
  4494 | D:5      | Killed Eustachio
  4494 | D:5      | Reached skill level 10 in Stealth
  4679 | D:5      | Found an oddly glowing altar of Pakellas.
  4680 | D:5      | Noticed a manticore
  4684 | D:5      | Killed a manticore
  4922 | D:7      | Reached XP level 9. HP: 63/63 MP: 16/16
  4948 | D:7      | Found a white marble altar of Elyvilon.
  5014 | D:7      | Found an oddly glowing altar of Pakellas.
  5015 | D:7      | Reached * piety under Dithmenos
  5018 | D:7      | Found a glowing golden altar of the Shining One.
  5018 | D:7      | Found a basalt altar of Yredelemnul.
  5019 | D:7      | Found a sacrificial altar of Ru.
  5019 | D:7      | Found a burning altar of Makhleb.
  5241 | D:7      | Noticed Prince Ribbit
  5268 | D:7      | Noticed Pikel
  5273 | D:7      | Killed Prince Ribbit
  5273 | D:7      | Reached skill level 11 in Stealth
  5344 | D:7      | Reached skill level 5 in Dodging
  5425 | D:7      | Killed Pikel
  5425 | D:7      | Reached skill level 5 in Short Blades
  5894 | D:8      | Reached skill level 12 in Stealth
  5983 | D:8      | Reached ** piety under Dithmenos
  6190 | D:8      | Found a glowing silver altar of Zin.
  6303 | D:9      | Reached skill level 5 in Fighting
  6308 | D:9      | Reached XP level 10. HP: 74/74 MP: 15/17
  6316 | D:9      | Found a staircase to the Lair.
  6818 | D:10     | Entered Level 10 of the Dungeon
  7209 | D:10     | Reached skill level 13 in Stealth
  7313 | D:10     | Reached *** piety under Dithmenos
  7955 | D:10     | Found a portal to a secret trove of treasure.
  7964 | D:10     | oplop: This trove needs 11 potions of heal wounds to function.
  7964 | D:10     | oplop: пиздец жадные тровы
  7964 | D:10     | oplop: ты отдохнуть решил чтоле?
  8472 | D:11     | Got an encrusted broad axe
  8473 | D:11     | Identified the +4 broad axe "Ippaibb" {elec, +Inv rC+ Dex-4} (You found it on level 11 of the Dungeon)
  8474 | D:11     | xeno23: да я спать пойду скоро
  8480 | D:11     | oplop: а, понятно
  8485 | D:11     | Found a roughly hewn altar of Beogh.
  8485 | D:11     | Found a staircase to the Orcish Mines.
  8538 | D:11     | xeno23: пока всё неплохо идет и мерфолка
  8711 | D:11     | Reached XP level 11. HP: 57/83 MP: 12/18
  8788 | D:11     | Noticed an archer statue
  8788 | D:11     | Noticed a skeletal warrior
  8788 | D:11     | Noticed a skeletal warrior
  8788 | D:11     | Noticed a skeletal warrior
  8904 | D:12     | Noticed a hill giant
  8907 | D:12     | Noticed a skeletal warrior
  8909 | D:12     | Killed a hill giant
  9021 | D:9      | Reached skill level 14 in Stealth
  9030 | Lair:1   | Entered Level 1 of the Lair of Beasts
  9034 | Lair:1   | Reached **** piety under Dithmenos
  9871 | Lair:2   | Found a labyrinth entrance.
  9887 | Lab      | Entered a labyrinth
  9962 | Lab      | Found an exit through the horrors of the Abyss.
 10002 | Lab      | oplop: ого
 10002 | Lab      | oplop: рандомная роба архимаги в лабиринте, что то новенькое
 10142 | Lab      | Noticed a minotaur
 10147 | Lab      | Killed a minotaur
 10147 | Lab      | Reached skill level 15 in Stealth
 10271 | Lair:2   | Reached skill level 1 in Invocations
 10457 | Lair:2   | Noticed Gastronok
 10476 | Lair:2   | Gained mutation: You have sharp toenails. [potion of mutation]
 10476 | Lair:2   | Gained mutation: Your muscles are strong. (Str +2) [potion of mutation]
 10476 | Lair:2   | Gained mutation: You are partially covered in rough black scales (AC +4, Dex -1). [potion of mutation]
 10483 | Lair:2   | Killed Gastronok
 10483 | Lair:2   | Reached XP level 12. HP: 38/93 MP: 7/19
 10537 | Lair:2   | Reached skill level 10 in Dodging
 10874 | Lair:3   | Reached skill level 10 in Short Blades
 10934 | Lair:3   | Reached ***** piety under Dithmenos
 10983 | Lair:3   | Noticed a seven-headed hydra
 11015 | Lair:3   | Killed a seven-headed hydra
 11647 | Lair:3   | xeno23: я как-то робу архимага купил в орках за 28 монет
 11879 | Lair:4   | Reached skill level 5 in Invocations
 12306 | Lair:5   | oplop: норм
 12313 | Lair:5   | Found a frozen archway.
 12390 | IceCv    | Entered an ice cave
 12443 | IceCv    | oplop: жопа
 12443 | IceCv    | oplop: советы будут?
 12444 | IceCv    | xeno23: хмммм
 12444 | IceCv    | xeno23: что тут у нас
 12444 | IceCv    | xeno23: инвиз есть?
 12449 | IceCv    | oplop: нетэ
 12449 | IceCv    | xeno23: а спелл или эвок?
 12450 | IceCv    | xeno23: ну у тебя в бладлессе
 12450 | IceCv    | xeno23: рц
 12450 | IceCv    | oplop: ну нет
 12450 | IceCv    | xeno23: будет
 12450 | IceCv    | oplop: я б заюзал если б был
 12450 | IceCv    | xeno23: у тебя будет рц+++
 12450 | IceCv    | xeno23: под берсом или майтом
 12450 | IceCv    | xeno23: можно затабать
 12450 | IceCv    | xeno23: жди бладлесса
 12450 | IceCv    | oplop: у меня и так рц++
 12963 | IceCv    | xeno23: будет три плюса
 12982 | IceCv    | Reached XP level 13. HP: 92/101 MP: 20/20
 13004 | IceCv    | Got a translucent scale mail
 13006 | IceCv    | Got a warped steam dragon armour
 13022 | IceCv    | xeno23: мм
 13030 | IceCv    | xeno23: артефактики
 13049 | Lair:5   | Identified the +4 steam dragon armour "Bafomick" {rC+} (You found it in an ice cave)
 13050 | Lair:5   | oplop: лол
 13050 | Lair:5   | xeno23: 0 ер
 13050 | Lair:5   | xeno23: как раз стаберу
 13050 | Lair:5   | oplop: хз, архимаги снимать?
 13050 | Lair:5   | oplop: не знаю
 13050 | Lair:5   | Identified the cursed +0 scale mail of the Crown {*Contam +Inv MR+ Int+2} (You found it in an ice cave)
 13083 | Lair:5   | Noticed Kirke
 13088 | Lair:5   | Killed Kirke
 13767 | Lair:5   | xeno23: даже хз
 13767 | Lair:5   | xeno23: думаю, ац всё-таки поважней сейчас
 13767 | Lair:5   | xeno23: сколько разница ац?
 13767 | Lair:5   | oplop: 5
 14061 | Lair:6   | Reached skill level 1 in Shields
 14133 | Lair:6   | Found a hole to the Spider Nest.
 14158 | Lair:6   | Reached skill level 1 in Armour
 14425 | Lair:6   | Reached ****** piety under Dithmenos
 14491 | Lair:6   | oplop: ??umbra
 14491 | Lair:6   | beem: umbra[1/1]: An aura which doubles stealth, causes accuracy penalties and cancels out haloes. *+ Dithmenos worshippers and ***+ Yredelemnul worshippers are immune to the accuracy reduction. Produced by profane servitors, Dithmenos worshippers, and anyone who wears the {ring of shadows}.
 14491 | Lair:6   | oplop: ?? killer bee
 14491 | Lair:6   | beem: killer bee[1/10]: If you have poison resistance and decent AC, a nuisance. If only one of those, a real bugger once they start swarming you. If neither, be careful as soon as you spot one, or else you might die.
 14491 | Lair:6   | oplop: ?? killer bee[2
 14491 | Lair:6   | beem: killer bee[2/10]: in roguelikes, they actively hunt for adventurer flesh and can sting infinitely
 14491 | Lair:6   | oplop: ?? killer bee[3
 14491 | Lair:6   | beem: killer bee[3/10]: BEEEEEEEEEEEEEEEEEEEEEEEEEEEEEEEEEEEEEEEEEEEEEEEEEEEEEEEEEEEEEEEEEEEEEEEEEEEEEEEEEEEEEEEEEEEEEES
 14491 | Lair:6   | oplop: ?? killer bee[4
 14491 | Lair:6   | beem: killer bee[4/10]: https://crawl.develz.org/mantis/view.php?id=3931 BEES
 14491 | Lair:6   | oplop: ?? killer bee[5
 14491 | Lair:6   | beem: killer bee[5/10]: http://i.imgur.com/DsXYT.jpg
 14492 | Lair:6   | oplop: ?? killer bee[6
 14492 | Lair:6   | beem: killer bee[6/10]: !lg m1nced 3022 -tv:T10850
 14492 | Lair:6   | oplop: ?? killer bee[7
 14492 | Lair:6   | beem: killer bee[7/10]: http://youtu.be/-1GadTfGFvU
 14492 | Lair:6   | oplop: ?? killer bee[8
 14492 | Lair:6   | beem: killer bee[8/10]: http://i.imgur.com/fnWMTLM.jpg
 14492 | Lair:6   | oplop: ?? killer bee[9
 14492 | Lair:6   | beem: killer bee[9/10]: http://i.imgur.com/ltnItWf.jpg
 14492 | Lair:6   | oplop: ?? killer bee[10
 14492 | Lair:6   | beem: killer bee[10/10]: https://dl.dropboxusercontent.com/u/63152810/Screenies/dumb/hatchesaredangerous.png
 14711 | Lair:6   | Found a staircase to the Swamp.
 15318 | Lair:7   | Reached XP level 14. HP: 57/109 MP: 18/21
 15553 | Lair:7   | Found a staircase to the Slime Pits.
 15776 | Lair:8   | Entered Level 8 of the Lair of Beasts
 16693 | Lair:8   | Reached skill level 5 in Armour
 17650 | Lair:1   | oplop: ??distortion
 17650 | Lair:1   | beem: distortion[1/5]: A weapon brand. When it hits, inflicts a random option from "1-7 bonus damage", "3-26 bonus damage", "blink", "teleport", or {banish}. When you unwield, you suffer wild translocation effects - up to 43 raw damage, banishment, teleport+confusion, or lots of glow. The probability of banishment from unwielding is 207/896, or about 23%.
 17650 | Lair:1   | oplop: ??translocation miscast
 17650 | Lair:1   | beem: translocation miscast ~ translocations miscast[1/1]: By severity: 1: 4-12dmg / 4-10&blink / spatial vortex 2: 9-31 dmg / 5-13&confuse&(blink or teleport) / 2-4 sp. vorts / banish 3: 15-43 dmg (and dimensional anchor in 0.16+) / 9-25&tele&conf / banish / 0-18 glow
 17656 | Lair:1   | Learned a level 5 spell: Warp Weapon
 17806 | D:12     | Reached skill level 1 in Translocations
 17825 | D:12     | Reached skill level 1 in Charms
 17868 | D:12     | Reached skill level 10 in Fighting
 17886 | D:12     | Found a roughly hewn altar of Beogh.
 18474 | D:13     | Found a burning altar of Makhleb.
 18561 | D:13     | Found a gate to the Vaults.
 18574 | D:13     | Reached XP level 15. HP: 115/115 MP: 7/22
 19296 | D:14     | Found a snail-covered altar of Cheibriados.
 19761 | D:15     | Entered Level 15 of the Dungeon
 19976 | D:15     | Found a staircase to the Depths.
 20240 | D:15     | Reached skill level 10 in Invocations
 20312 | D:15     | Reached skill level 5 in Charms
 20339 | D:15     | Found Renkest's Armour Shop.
 20956 | Orc:1    | Entered Level 1 of the Orcish Mines
 21042 | Orc:2    | Entered Level 2 of the Orcish Mines
 21044 | Orc:2    | Noticed an orc warlord
 21093 | Orc:1    | Killed an orc warlord
 21151 | Orc:2    | Reached skill level 1 in Throwing
 21310 | Orc:2    | Found Xunodgh's Book Emporium.
 21311 | Orc:2    | Found Luilar's Magic Scroll Boutique.
 21312 | Orc:2    | Found Bykiesav's Magic Scroll Shoppe.
 21312 | Orc:2    | Found Ifruodd's Magic Scroll Boutique.
 21332 | Orc:2    | Reached XP level 16. HP: 124/124 MP: 17/23
 21359 | Orc:2    | Reached skill level 5 in Translocations
 21395 | Orc:1    | Found a flagged portal.
 21454 | Orc:1    | Found Hip Anak's Assorted Antiques.
 21487 | Bailey   | Entered a bailey
 21542 | Bailey   | Found a runed gate.
 21544 | Bailey   | Found a runed gate.
 21566 | Bailey   | Found a runed gate.
 21722 | Bailey   | Got a blackened scimitar
 21723 | Bailey   | Identified the +8 scimitar of Action {slice, rElec rC+} (You found it in a bailey)
 21735 | Bailey   | Gained mutation: Your mind is acute. (Int +2) [potion of beneficial mutation]
 21739 | Bailey   | Identified a scroll of acquirement
 21744 | Bailey   | Got a steaming quick blade
 21745 | Bailey   | Identified the +7 quick blade "Spiderslayer" {drain, rF- Dex+4} (You acquired it in a bailey)
 21841 | Orc:1    | Bought a scroll of magic mapping for 119 gold pieces
 21841 | Orc:1    | Bought a scroll of recharging for 323 gold pieces
 21841 | Orc:1    | Bought a scroll of magic mapping for 119 gold pieces
 21841 | Orc:1    | Bought a scroll of enchant armour for 255 gold pieces
 22324 | Orc:2    | Found a staircase to the Elven Halls.
 22372 | Orc:2    | Bought a book of Burglary for 1350 gold pieces
 22381 | Orc:2    | Learned a level 6 spell: Invisibility
 22382 | Orc:2    | Bought a scroll of teleportation for 42 gold pieces
 22383 | Orc:2    | Bought a scroll of teleportation for 39 gold pieces
 22384 | Orc:2    | Bought a scroll of teleportation for 48 gold pieces
 23007 | Swamp:1  | Entered Level 1 of the Swamp
 23138 | Swamp:1  | Noticed Louise
 23165 | Swamp:1  | Killed Louise
 23186 | Swamp:1  | Reached skill level 10 in Hexes
 24132 | Swamp:2  | Noticed Donald
 24135 | Swamp:2  | Killed Donald
 24311 | Swamp:2  | You fall through a shaft!
 24451 | Swamp:3  | Noticed Jorgrun
 24465 | Swamp:3  | Killed Jorgrun
 24584 | Swamp:3  | Noticed Aizul
 24587 | Swamp:3  | Killed Aizul
 25234 | Swamp:4  | Entered Level 4 of the Swamp
 25456 | Swamp:4  | Got a brightly glowing cloak
 25474 | Swamp:4  | Identified the +2 cloak of Negligence {rPois rC- Int+8} (You found it on level 4 of the Swamp)
 25508 | Swamp:4  | Noticed the 27-headed Lernaean hydra
 25536 | Swamp:4  | Killed the 27-headed Lernaean hydra
 25551 | Swamp:4  | Reached XP level 17. HP: 130/130 MP: 20/30
 25576 | Swamp:4  | Got a decaying rune of Zot
 26021 | Swamp:4  | Learned a level 6 spell: Deflect Missiles
 26217 | Spider:1 | Entered Level 1 of the Spider Nest
 26350 | Spider:1 | Reached skill level 1 in Air Magic
 26355 | Spider:1 | oplop: ??archery
 26355 | Spider:1 | beem: gloves of archery[1/1]: Glove-slot armour providing +4 slaying for missiles; applies to all missiles including those simply thrown.
 26611 | Spider:1 | Reached skill level 10 in Spellcasting
 26749 | Spider:1 | oplop: ??chaos
 26749 | Spider:1 | beem: chaos brand[1/18]: For you, it applies a random brand effect, or can: clone, polymorph, berserk, heal, haste, invis, slow, paralyse, petrify or cause a random miscast. Against you, can torment. Associated with Xom and wielded by Crazy Yiuf (always) and Psyche (sometimes). Chaos Knights start with a chaos branded weapon.
 26749 | Spider:1 | oplop: ??chaos[2
 26749 | Spider:1 | beem: chaos brand[2/18]: Can very rarely raise hostile corpses, like the sword of Zonguldrok
 26749 | Spider:1 | oplop: ??chaos[3
 26749 | Spider:1 | beem: chaos brand[3/18]: Wisps of poison gas drift from the rat's front feet.
 26749 | Spider:1 | oplop: ??chaos[4
 26749 | Spider:1 | beem: chaos brand[4/18]: Gastronok fails to defend himself. You open Gastronok like a pillowcase!!! Gastronok suddenly stops moving! Gastronok is heavily wounded. Gastronok fails to defend himself. You open Gastronok like a pillowcase!!! You kill Gastronok! Gastronok instantly turns into a zombie! Your dagger of chaos parrots the noises around you.
 26749 | Spider:1 | oplop: ??chaos[6
 26749 | Spider:1 | beem: chaos brand[6/18]: !lg * killer=~"pikel,_the_cyclops" 1 -tv:<0.3
 26749 | Spider:1 | oplop: ??chaos[5
 26749 | Spider:1 | beem: chaos brand[5/18]: The plant bobs in the air for a moment.
 26749 | Spider:1 | oplop: ??chaos[7
 26749 | Spider:1 | beem: chaos brand[7/18]: Edmund seems to be having trouble coordinating all eight of its legs.
 26749 | Spider:1 | oplop: ??chaos[8
 26749 | Spider:1 | beem: chaos brand[8/18]: An oklob plant appears out of thin air!
 26749 | Spider:1 | oplop: ??chaos[9
 26749 | Spider:1 | beem: chaos brand[9/18]: You hit the bush, but do no damage. You are blasted with searing flames! Ouch! That really hurt! You die...
 26749 | Spider:1 | oplop: ??chaos[10
 26749 | Spider:1 | beem: chaos brand[10/18]: j _ giant slug shaped shifter (berserk)
 26749 | Spider:1 | oplop: ??chaos[11
 26749 | Spider:1 | beem: chaos brand[11/18]: Your orcish trident of chaos' orcish trident of chaos wails.
 26749 | Spider:1 | oplop: ??chaos[12
 26749 | Spider:1 | beem: chaos brand[12/18]: You hit the goblin. You fall down a shaft! Your mindless thralls stay behind. 12 skeletal warriors and Rupert come into view. Your giant spiked club of chaos shouts loudly!
 26749 | Spider:1 | oplop: ??chaos[13
 26749 | Spider:1 | beem: chaos brand[13/18]: paralysed cerebov with my chaos sword and he got teleported at almost dead
 26749 | Spider:1 | oplop: ??chaos[14
 26749 | Spider:1 | beem: chaos brand[14/18]: You hit the oklob plant but do no damage. The oklob plant is duplicated!
 26749 | Spider:1 | oplop: ??chaos[15
 26749 | Spider:1 | beem: chaos brand[15/18]: You hit the elephant slug. The elephant slug is lightly wounded. You are cast into the Abyss!
 26749 | Spider:1 | oplop: ??chaos[16
 26749 | Spider:1 | beem: chaos brand[16/18]: The elephant slug evaporates and reforms as a shadow dragon!
 26749 | Spider:1 | oplop: ??chaos[17
 26749 | Spider:1 | beem: chaos brand[17/18]: You thrash Gloorx Vloq!! Gloorx Vloq suddenly stops moving!
 26749 | Spider:1 | oplop: ??chaos[18
 26749 | Spider:1 | beem: chaos brand[18/18]: Here: Natasha the iguana shaped shifter (noxious fumes, moderately wounded, poisoned, berserk, bewildered and confused, petrified)
 28067 | Spider:3 | namelastname112: проснулся от того
 28068 | Spider:3 | namelastname112: что ноутбук с колен упал
 28068 | Spider:3 | oplop: гм
 28068 | Spider:3 | oplop: еще и сидя спал чтоле?
 28103 | Spider:3 | namelastname112: не
 28104 | Spider:3 | namelastname112: на кровати
 28105 | Spider:3 | namelastname112: я так
 28141 | Spider:3 | namelastname112: полулежу обычно
 28141 | Spider:3 | oplop: а, ясн
 28150 | Spider:4 | Entered Level 4 of the Spider Nest
 28285 | Spider:4 | oplop: интересный ран
 28285 | Spider:4 | oplop: в свампе не было торнхантеров
 28285 | Spider:4 | oplop: в спадере нет энтропи виверов
 28312 | Spider:4 | namelastname112: >спайдерслеер
 28313 | Spider:4 | oplop: уну
 28313 | Spider:4 | oplop: угу
 28313 | Spider:4 | oplop: был бы он без рф- было б заебись
 28313 | Spider:4 | oplop: а то рф и так нехватка
 28334 | Spider:4 | oplop: ксено успешно движется к срику 6
 28446 | Spider:4 | Reached skill level 5 in Air Magic
 28469 | Spider:4 | oplop: бля, жаль дискорд не завезли
 28644 | Spider:4 | Learned a level 3 spell: Spectral Weapon
 28741 | Spider:4 | namelastname112: надо бы дракона до конца турнира выиграть
 28961 | Spider:4 | Reached XP level 18. HP: 50/136 MP: 33/33
 28989 | Spider:4 | namelastname112: на ноуте еще музыка какая-то ебанутая играла блять
 29002 | Spider:4 | namelastname112: когда проснулся
 29018 | Spider:4 | Reached skill level 10 in Charms
 29020 | Spider:4 | oplop: tot lhfrjyf&
 29020 | Spider:4 | oplop: еще дракона?
 29020 | Spider:4 | oplop: у тебя не треснет?
 29039 | Spider:4 | namelastname112: а че
 29047 | Spider:4 | namelastname112: ну
 29047 | Spider:4 | namelastname112: как
 29047 | Spider:4 | namelastname112: доиграть
 29047 | Spider:4 | oplop: да я шучу
 29047 | Spider:4 | namelastname112: у меня дрсу ща паны почистил
 29047 | Spider:4 | oplop: а
 29047 | Spider:4 | Got a gossamer rune of Zot
 29175 | Spider:2 | oplop: есть демонблейд
 29175 | Spider:2 | oplop: думаю, мож забрендить и на лонги перекатиться
 29175 | Spider:2 | oplop: с другой стороны, есть простой кб +3
 29175 | Spider:2 | namelastname112: зачем
 29175 | Spider:2 | oplop: тоже можно забрендить и прокачать
 29365 | Lair:1   | oplop: че, забрендить кб?
 29365 | Lair:1   | oplop: этот меня убьет
 29365 | Lair:1   | namelastname112: ну
 29365 | Lair:1   | namelastname112: а че нет-то
 29368 | Lair:1   | namelastname112: >8 scrolls of enchant weapon
 29371 | Lair:1   | oplop: как что то необычное
 29390 | D:9      | oplop: ??ego
 29390 | D:9      | beem: ego[1/1]: Weapons and armours with the "+x foo of barring" nature. Term from Angband. E.g. boots of running, war axe of electrocution. Also refers to the 'of running' part, eg "'of running' is an armour ego".
 29531 | Orc:2    | Bought a scroll of brand weapon for 320 gold pieces
 29532 | Orc:2    | oplop: мммммм
 29532 | Orc:2    | oplop: мммммммммммммммм
 29532 | Orc:2    | oplop: ну пиздец
 29560 | Elf:1    | Entered Level 1 of the Elven Halls
 30735 | Elf:2    | namelastname112: так че
 30744 | Elf:2    | namelastname112: будешь кб брендить?
 30744 | Elf:2    | oplop: уже
 30744 | Elf:2    | namelastname112: и че
 30744 | Elf:2    | namelastname112: протект?
 30744 | Elf:2    | oplop: яд
 30744 | Elf:2    | oplop: >_>
 30746 | Elf:2    | namelastname112: ну не так плохо
 31059 | Elf:2    | Found a runed gate.
 31059 | Elf:2    | Found a runed gate.
 31059 | Elf:2    | Found a runed gate.
 31585 | Elf:2    | Reached XP level 19. HP: 142/142 MP: 33/35
 31660 | Elf:3    | Entered Level 3 of the Elven Halls
 32777 | Elf:3    | Noticed a Tzitzimitl
 33159 | Elf:3    | Reached skill level 16 in Stealth
 33612 | Elf:3    | Killed from afar by a deep elf sorcerer

Skill      XL: |  1  2  3  4  5  6  7  8  9 10 11 12 13 14 15 16 17 18 19 |
---------------+----------------------------------------------------------+-----
Stealth        | 5 6 7 8 9 10 12 13 15 16 | 16.2
Spellcasting   | 3 4 5 9 11 12 13 | 13.0
Hexes          | 5 6 7 8 13 14 | 14.3
Fighting       | 3 5 6 8 9 10 11 | 11.5
Short Blades   | 3 6 7 9 11 12 13 14 | 14.2
Dodging        | 4 6 8 9 11 12 13 | 13.8
Invocations    | 2 5 7 9 10 | 10.1
Shields        | 3 4 |  4.0
Armour         | 3 5 6 |  6.6
Translocations | 2 4 5 |  5.1
Charms         | 3 6 9 12 | 12.4
Throwing       | 1 |  1.9
Air Magic      | 6 9 |  9.8

Action                   |  1- 3 |  4- 6 |  7- 9 | 10-12 | 13-15 | 16-18 | 19-21 || total
-------------------------+-------+-------+-------+-------+-------+-------+-------++-------
Melee: Dagger            |   106 |    42 |   321 |   288 |    23 |       |       ||   780
       Bite              |     9 |     9 |    36 |   118 |   299 |   291 |    80 ||   842
       Rapier            |     5 |    94 |       |   460 |  1781 |    97 |       ||  2437
       Quick blade       |       |       |       |       |       |  1569 |   405 ||  1974
 Fire: Blowgun           |       |       |       |     3 |       |       |       ||     3
Throw: Throwing net      |       |       |       |       |     2 |     2 |       ||     4
 Cast: Corona            |     8 |       |       |       |       |       |       ||     8
       Ensorcelled Hiber |     4 |    22 |    29 |    44 |    64 |    57 |     3 ||   223
       Confuse           |       |     5 |    47 |    28 |    27 |     2 |     4 ||   113
       Dazzling Spray    |       |       |     7 |    55 |   111 |    66 |    44 ||   283
       Tukima's Dance    |       |       |     4 |     8 |    20 |     4 |     1 ||    37
       Invisibility      |       |       |       |       |       |     9 |       ||     9
       Spectral Weapon   |       |       |       |       |       |     4 |    10 ||    14
       Deflect Missiles  |       |       |       |       |       |     2 |     3 ||     5
       Warp Weapon       |       |       |       |       |       |       |     1 ||     1
Invok: Shadow Step       |       |       |       |       |     4 |     8 |     1 ||    13
 Abil: Bat Form          |       |     2 |     5 |     3 |     4 |     1 |     2 ||    17
       End Transformatio |       |     2 |     5 |     3 |     4 |     1 |     1 ||    16
Evoke: Wand              |       |       |       |       |       |     1 |       ||     1
  Use: Scroll            |       |       |    13 |     9 |     7 |    14 |     3 ||    46
       Potion            |       |       |     8 |    10 |     1 |     7 |     4 ||    30
 Stab: Sleeping          |     8 |    33 |    36 |   122 |   152 |   183 |    11 ||   545
       Confused          |       |     5 |    30 |     8 |    17 |       |       ||    60
       Distracted        |       |     1 |     1 |     4 |    22 |    10 |     2 ||    40
       Invisible         |       |       |     3 |    21 |    56 |   110 |     6 ||   196
       Held in net/web   |       |       |       |       |     2 |     2 |       ||     4
Armor: Robe              |    42 |    32 |    65 |    50 |    17 |       |       ||   206
       Steam dragon armo |       |       |       |       |   319 |   134 |    59 ||   512
Dodge: Dodged            |    83 |    77 |   241 |   540 |  1818 |   858 |   169 ||  3786
       Deflected         |       |       |       |       |       |     3 |    24 ||    27
Block: Buckler           |       |       |       |       |   392 |   319 |    68 ||   779
